 Dungeon Crawl Stone Soup version 0.21.0-3-g78d12a8bdd (webtiles) character file.

10703 Jannitor the Covert (level 11, -6/60 HPs)
             Began as a Vine Stalker Conjurer on Jan 10, 2018.
             Was a Believer of Uskayaw.
             Mangled by a freezing wraith (11 damage)
             ... in an ice cave.
             The game lasted 00:25:24 (10210 turns).

Jannitor the Covert (Vine Stalker Conjurer)        Turns: 10210, Time: 00:25:25

Health: -6/60      AC:  5    Str: 13    XL:     11   Next: 66%
Magic:  0/16       EV: 26    Int: 15    God:    Uskayaw [**....]
Gold:   535        SH:  0    Dex: 16    Spells: 13/14 levels left

rFire    . . .     SeeInvis .   j - +2 rapier (speed)
rCold    . . .     Gourm    .   (no shield)
rNeg     . . .     Faith    +   a - +0 robe
rPois    .         Spirit   +   (no helmet)
rElec    .         Reflect  .   (no cloak)
rCorr    .         Harm     .   k - +1 pair of gloves
MR       +....                  p - +0 pair of boots
Stlth    ++++......             n - amulet of faith
HPRegen  0.60/turn              i - +5 ring of evasion
MPRegen  0.15/turn              z - +4 ring of evasion

@: no status effects
A: fangs 3, regeneration 1, magic shield, antimagic bite, no potion heal 3, rot
immunity
a: Stomp, Line Pass, Renounce Religion


You were in an ice cave.
You worshipped Uskayaw.
Uskayaw was noncommittal.
You were very hungry.

You visited 2 branches of the dungeon, and saw 12 of its levels.
You also visited: Ice Cave.

You collected 884 gold pieces.
You spent 349 gold pieces at shops.

Inventory:

Hand Weapons
 d - a +0 dagger
 j - a +2 rapier of speed (weapon)
 l - a +2 dagger of venom
Armour
 a - a +0 robe (worn)
 k - a +1 pair of gloves (worn)
 p - a +0 pair of boots (worn)
 w - a +2 scale mail of poison resistance
 I - a +0 buckler
Jewellery
 i - a +5 ring of evasion (left hand)
 n - an amulet of faith (around neck)
 o - an uncursed ring of magical power
 r - an uncursed ring of fire
 z - a +4 ring of evasion (right hand)
Wands
 A - a wand of disintegration (6)
 B - a wand of acid (14)
Scrolls
 f - 7 scrolls of identify
 q - a scroll of magic mapping
 u - 3 scrolls of fear
 v - 3 scrolls of remove curse
 y - a scroll of fog
 C - 3 scrolls of teleportation
 F - a scroll of brand weapon
 G - 2 scrolls of enchant armour
 H - a scroll of blinking
Potions
 h - 4 potions of curing
 m - a potion of flight
 s - a potion of brilliance
 x - 2 potions of might
 D - a potion of degeneration {unknown}
 E - 2 potions of lignification
Books
 b - a book of Conjurations

   Spells                             Type                      Level
   a - Magic Dart                     Conjuration                  1
   b - Searing Ray                    Conjuration                  2
   c - Dazzling Spray                 Conjuration/Hexes            3
   d - Fulminant Prism                Conjuration/Hexes            4
   e - Force Lance                    Conjuration/Translocation    4
   f - Iskenderun's Mystic Blast      Conjuration                  4
 t - a book of Power

   Spells                             Type                      Level
   a - Iskenderun's Battlesphere      Conjuration/Charms           5
   b - Venom Bolt                     Conjuration/Poison           5
   c - Bolt of Magma                  Conjuration/Fire/Earth       5
   d - Iron Shot                      Conjuration/Earth            6
   e - Orb of Destruction             Conjuration                  7
   f - Spellforged Servitor           Conjuration/Summoning        7
Comestibles
 c - 24 rations


   Skills:
 + Level 8.2 Fighting
 + Level 8.2 Short Blades
 + Level 7.7 Dodging
 + Level 9.0 Stealth
 - Level 2.1 Spellcasting
 - Level 4.0 Conjurations
 + Level 6.4 Invocations


You had 13 spell levels left.
You knew the following spells:

 Your Spells              Type           Power        Failure   Level  Hunger
a - Magic Dart            Conj           ##..         4%          1    #......


Dungeon Overview and Level Annotations

Branches:
Dungeon (11/15)            Temple (1/1) D:5            Lair (0/6) D:11
    Orc (0/2) D:9

Altars:
Ashenzari
Cheibriados
Elyvilon
Gozag
Kikubaaqudgha
Makhleb
Okawaru
Trog
Uskayaw
Vehumet
Wu Jian
Xom

Shops:
D:7 :   D:8 (**?

Annotations:
D:4 1 runed door


Innate Abilities, Weirdness & Mutations

You have razor-sharp teeth.
Your natural rate of healing is unusually fast.
When hurt, damage is shared between your health and your magic reserves.
Your bite disrupts and absorbs the magic of your enemies.
Potions cannot restore your health.
You are immune to rotting.


Message History

Press: ? - help, Dir - move target cursor, f/p - freezing wraith
Aim: a freezing wraith (moderately damaged)
You create a blast of freezing vapour!
The freezing wraith hits you! The freezing wraith freezes you!!
The freezing wraith barely misses you.
Unknown command.
Evoke which item? (* to show all) (? for menu, Esc to quit)
Aiming: Cloud Cone
Press: ? - help, Dir - move target cursor, f/p - freezing wraith
Aim: a freezing wraith (moderately damaged)
You create a blast of noxious fumes!
The freezing wraith misses you. x2
Unknown command.
Evoke which item? (* to show all) (? for menu, Esc to quit)
Aiming: Cloud Cone
Press: ? - help, Dir - move target cursor, f/p - freezing wraith
Aim: a freezing wraith (moderately damaged)
You create a blast of noxious fumes!
The now-empty wand crumbles to dust.
The freezing wraith hits you. The freezing wraith freezes you!!
* * * LOW HITPOINT WARNING * * *
The freezing wraith hits you!
You die...

#....####..#
#..#...#...#
#..##.....##
##.###...##
#..######
#.. ##..##
..# #...##
#..# ##...##
..# ##.@§##
#.#
##§W§##..#
##§§#..#
#§§§§.#
##§§§##
#####


You could see a freezing wraith.

Vanquished Creatures
  A two-headed ogre (D:8)
  The ghost of DIABLO2 the Fighter, a novice MiFi (D:5)
  Joseph (D:9)
  3 freezing wraiths (IceCv)
  A polar bear (D:11)
  A troll (D:10)
  2 hornets (D:8)
  Grinder (D:6)
  A hippogriff (D:7)
  2 wyverns
  Eustachio (D:6)
  Grum (D:7)
  3 hungry ghosts
  Edmund (D:4)
  A soldier ant (D:8)
  3 black bears
  18 ice beasts
  4 sky beasts
  A phantom (D:5)
  4 wolves
  An alligator simulacrum (IceCv)
  An ogre (D:10)
  5 centaurs
  A crocodile (D:7)
  A big kobold (D:8)
  5 bullfrogs
  A water moccasin zombie (D:7)
  3 scorpions
  7 killer bees
  3 howler monkeys (D:9)
  5 electric eels (D:7)
  6 crimson imps
  5 jellies
  2 bullfrog zombies
  5 orc priests
  7 hounds
  A gnoll shaman (D:4)
  A centaur skeleton (D:9)
  7 orc wizards
  Jessica (D:2)
  An iguana (D:9)
  A polar bear simulacrum (IceCv)
  7 worker ants
  2 wolf simulacra (IceCv)
  A killer bee zombie (D:9)
  A mummy (D:4)
  7 gnolls
  13 adders
  3 shadow imps
  5 white imps (IceCv)
  An ooze (D:3)
  3 adder skeletons
  3 worms
  A dart slug (D:1)
  4 leopard geckos
  17 orcs
  2 giant cockroaches (D:2)
  4 goblins
  3 hobgoblins
  6 jackals
  8 quokkas
  2 ball pythons
  7 bats
  3 frilled lizards
  2 hobgoblin zombies (D:4)
  9 kobolds
  A leopard gecko skeleton (D:3)
  2 orc zombies (D:4)
  10 rats
248 creatures vanquished.

Vanquished Creatures (others)
  A sky beast (D:9)
1 creature vanquished.

Grand Total: 249 creatures vanquished

Notes
Turn   | Place    | Note
-------+----------+-------------------------------------------
     0 | D:1      | Jannitor the Vine Stalker Conjurer began the quest for the Orb.
     0 | D:1      | Reached XP level 1. HP: 9/9 MP: 4/4
   237 | D:1      | Reached XP level 2. HP: 12/14 MP: 6/6
   979 | D:2      | Reached skill level 1 in Fighting
   982 | D:2      | Reached skill level 1 in Short Blades
  1008 | D:2      | Reached XP level 3. HP: 18/18 MP: 7/7
  1127 | D:2      | Noticed Jessica
  1130 | D:2      | Killed Jessica
  1523 | D:3      | Noticed a bullfrog
  1528 | D:3      | Killed a bullfrog
  1528 | D:3      | Gained mutation: Your natural rate of healing is unusually fast. [Vine Stalker growth]
  1528 | D:3      | Reached XP level 4. HP: 13/23 MP: 5/8
  1528 | D:3      | Reached XP level 5. HP: 15/26 MP: 5/9
  1988 | D:3      | Reached XP level 6. HP: 31/32 MP: 10/10
  2442 | D:4      | Noticed Edmund
  2499 | D:4      | Killed Edmund
  2580 | D:4      | Found a runed door.
  3391 | D:5      | Entered Level 5 of the Dungeon
  3449 | D:4      | Reached XP level 7. HP: 33/36 MP: 11/11
  3457 | D:5      | Noticed DIABLO2's ghost (novice MiFi)
  4007 | D:5      | Gained mutation: You have razor-sharp teeth. [Vine Stalker growth]
  4007 | D:5      | Reached XP level 8. HP: 41/42 MP: 12/12
  4202 | D:5      | Killed DIABLO2's ghost
  4202 | D:5      | Reached skill level 5 in Fighting
  4202 | D:5      | Reached skill level 5 in Short Blades
  4258 | D:5      | Reached skill level 5 in Dodging
  4381 | D:5      | Found an opulent altar of Gozag.
  4390 | D:5      | You fall through a shaft!
  4589 | D:5      | Found a staircase to the Ecumenical Temple.
  4598 | Temple   | Entered the Ecumenical Temple
  4605 | Temple   | Became a worshipper of Uskayaw the Reveler
  5009 | D:6      | Reached * piety under Uskayaw
  5013 | D:6      | Reached ** piety under Uskayaw
  5022 | D:6      | Reached *** piety under Uskayaw
  5025 | D:6      | Reached **** piety under Uskayaw
  5247 | D:6      | Noticed Grinder
  5279 | D:6      | Killed Grinder
  5279 | D:6      | Reached skill level 3 in Stealth
  5279 | D:6      | Reached skill level 1 in Invocations
  5279 | D:6      | Reached XP level 9. HP: 48/48 MP: 11/13
  5409 | D:6      | Noticed Eustachio
  5416 | D:6      | Killed Eustachio
  5416 | D:6      | Reached skill level 4 in Stealth
  6093 | D:7      | Found Ukurgh's Book Shoppe.
  6255 | D:7      | Reached skill level 5 in Stealth
  6748 | D:7      | Reached XP level 10. HP: 18/53 MP: 14/14
  7117 | D:8      | Noticed Grum
  7126 | D:7      | Reached skill level 6 in Stealth
  7134 | D:7      | Reached ***** piety under Uskayaw
  7200 | D:7      | Killed Grum
  7297 | D:8      | Noticed a two-headed ogre
  7306 | D:8      | Killed a two-headed ogre
  7393 | D:8      | Found Rurubu's Antique Weapon Shoppe.
  7520 | D:8      | Found Wegh's General Store.
  7558 | D:8      | Bought a scroll of teleportation for 36 gold pieces
  7586 | D:8      | Reached skill level 7 in Stealth
  7633 | D:8      | Found Famumoywu's Assorted Antiques.
  7641 | D:8      | Found Xiboferiow's Magic Scroll Shop.
  7647 | D:8      | Bought a scroll of identify for 48 gold pieces
  7647 | D:8      | Bought a murky golden potion for 21 gold pieces
  7647 | D:8      | Bought a scroll labeled NIURRUIZADD for 24 gold pieces
  7656 | D:8      | Bought a scroll of brand weapon for 220 gold pieces
  7920 | D:8      | Identified a scroll of acquirement
  7992 | D:9      | Reached skill level 5 in Invocations
  8049 | D:9      | Found a staircase to the Orcish Mines.
  8130 | D:9      | Noticed Joseph
  8140 | D:9      | Killed Joseph
  8509 | D:9      | Reached XP level 11. HP: 58/58 MP: 14/16
  9034 | D:10     | Entered Level 10 of the Dungeon
  9061 | D:10     | Reached skill level 8 in Stealth
  9666 | D:11     | Found a frozen archway.
  9715 | D:11     | Reached ****** piety under Uskayaw
  9768 | IceCv    | Entered an ice cave
 10051 | IceCv    | HP: 3/60 [freezing wraith (11)]
 10202 | IceCv    | Reached skill level 9 in Stealth
 10210 | IceCv    | Mangled by a freezing wraith

Skill      XL: |  1  2  3  4  5  6  7  8  9 10 11 |
---------------+----------------------------------+-----
Fighting       | 1 2 3 4 5 6 7 8 |  8.2
Short Blades   | 1 2 3 4 5 6 7 8 |  8.2
Dodging        | 2 3 4 5 6 7 |  7.7
Stealth        | 3 5 7 9 |  9.0
Invocations    | 1 3 5 6 |  6.4
Spellcasting   | |  2.1
Conjurations   | |  4.0

Action                   |  1- 3 |  4- 6 |  7- 9 | 10-12 || total
-------------------------+-------+-------+-------+-------++-------
Melee: Dagger            |    79 |   193 |   373 |   146 ||   791
       Bite              |    13 |    60 |   105 |   123 ||   301
       Rapier            |       |       |       |   326 ||   326
Evoke: Wand              |       |       |       |     9 ||     9
  Use: Potion            |       |     1 |     7 |     2 ||    10
       Scroll            |       |       |     3 |    13 ||    16
 Stab: Sleeping          |     4 |     2 |    10 |    17 ||    33
       Paralysed         |       |       |     6 |    30 ||    36
       Distracted        |       |       |     1 |     1 ||     2
       Invisible         |       |       |       |     1 ||     1
  Eat: Chunk             |     1 |     3 |    11 |    14 ||    29
       Ration            |       |     1 |       |       ||     1
Armor: Robe              |    22 |    37 |    44 |    45 ||   148
       Skin              |       |       |     7 |       ||     7
Dodge: Dodged            |    57 |    96 |   214 |   362 ||   729
